[Event "Late-Titled-Tuesday-Blitz-March-12-2024"]
[Site "Chess.com"]
[Date "2024.03.12"]
[Round "5"]
[White "Zhigalko_Sergei"]
[Black "LikeWater"]
[Result "1-0"]
[WhiteElo "2860"]
[BlackElo "2684"]
[TimeControl "180+1"]
[EndTime "14:54:11 PDT"]
[Termination "Zhigalko_Sergei won on time"]

1. e4 c5 2. Nf3 a6 3. c3 e6 4. d4 d5 5. e5 Bd7 6. Be2 Bb5 7.
Bxb5+ axb5 8. dxc5 Bxc5 9. b4 Bb6 10. Na3 Ne7 11. Nxb5 O-O 12. O-O Ng6 13. Re1 Qd7 14. a4 Nc6 15. Be3 Bxe3 16. Rxe3 Rfd8 17. h4 Nge7 18.
Nfd4 Ng6 19. Nf3 f6 20. exf6 gxf6 21. h5 Nf4 22. h6 e5 23. g3 Qh3 24. gxf4 exf4 25. Rd3 Kh8 26. Ng5 Qf5 27. Nf7+ Kg8 28. Nxd8 Rxd8 29. Nd4 Qg6+ 30. Kf1 Ne5 31. Rh3 Kh8 32. Qh5 Qe4 33. Re1 1-0

[Event "Late-Titled-Tuesday-Blitz-March-12-2024"]
[Site "Chess.com"]
[Date "2024.03.12"]
[Round "5"]
[White "Rinqed222"]
[Black "Sinquefield"]
[Result "1-0"]
[WhiteElo "2345"]
[BlackElo "2510"]
[TimeControl "180+1"]
[EndTime "14:54:11 PDT"]
[Termination "Rinqed222 won by resignation"]

1. e4 d6 2. d4 Nf6 3. Nc3 Nbd7 4. g4 g6 5. Bg2 e5 6. Be3 Bg7 7. h3 c6 8. Nge2 Qe7 9. a4 h6 10. a5 a6 11. O-O O-O 12. Qd2 Kh7 13. Ng3 exd4 14. Bxd4 Nc5 15. Rfe1 Ne6 16. Be3 Nc5 17. Rad1 Rd8 18. Bxc5 Be6 19. Bxd6 Qe8 20. Qc1 Nd7 21. e5 Rac8 22. Qf4 Nf8 23. Nge4 g5 24.
Qg3 Ng6 25. Nf6+ Bxf6 26. exf6 Rd7 27. Be4 Rcd8 28. Na4 Qh8 29. Nc5 Qxf6 30. Nxd7 Rxd7 31. Bxg6+ Qxg6 32. Qd3 Bd5 33. Qxg6+ Kxg6 34. Bg3 f5 35. c4 f4 36. cxd5 cxd5 37. Bh2 Kf6 38. f3 d4 39. Kg2 Rd5 40. Bg1 Rxa5 41. Bxd4+ Kf7 42. Bc3 Rb5 43. Rd7+ Kf8 44. Re6 h5 45. Rh6 Ke8 46.
Rg7 Rf5 47. gxf5 1-0

[Event "Late-Titled-Tuesday-Blitz-March-12-2024"]
[Site "Chess.com"]
[Date "2024.03.12"]
[Round "5"]
[White "Kostukov_Alex"]
[Black "sorch29"]
[Result "0-1"]
[WhiteElo "2303"]
[BlackElo "2459"]
[TimeControl "180+1"]
[EndTime "14:54:13 PDT"]
[Termination "sorch29 won by checkmate"]

1. g3 Nf6 2. Bg2 g6 3. c4 Bg7 4. Nf3 d6 5. O-O e5 6. d4 exd4 7. Nxd4 O-O 8. Nc3 Re8 9. h3 Nbd7 10. e4 Nc5 11. Re1 Rb8 12. Nb3 Nxb3 13. axb3 a6 14.
Be3 Bd7 15. Rc1 Bc6 16. Bd4 Nd7 17. Bxg7 Kxg7 18. Qd4+ Qf6 19. Qd2 Nc5 20. b4 Nb3 21.
Qc2 Nxc1 22. Rxc1 Qd4 23. b3 Rbd8 24. Kh2 h5 25. Rd1 Qf6 26. b5 axb5 27. cxb5 Bd7 28. Nd5 Qe5 29. f4 Qe6 30. Nxc7 Qe7 31. Qc3+ Kh6 32.
Nxe8 Rxe8 33. Qd2 Bxb5 34. Qxd6 Bc6 35. Qd2 Kh7 36. e5 Bxg2 37. Qxg2 Rc8 38. Rd2 Rc3 39. Qd5 Qc7 40. h4 Rc2 41. b4 Rxd2+ 42. Qxd2 Kg7 43. Qd4 Qc2+ 44. Kh3 Qf5+ 45. Kg2 Qc2+ 46. Kf3 Qb3+ 47. Ke4 Qc2+ 48. Kd5 Qc6# 0-1

[Event "Late-Titled-Tuesday-Blitz-March-12-2024"]
[Site "Chess.com"]
[Date "2024.03.12"]
[Round "5"]
[White "betta2004"]
[Black "ChessBrainiacOnTwitch"]
[Result "1-0"]
[WhiteElo "2559"]
[BlackElo "2751"]
[TimeControl "180+1"]
[EndTime "14:54:14 PDT"]
[Termination "betta2004 won by checkmate"]

1. e4 c5 2. Nc3 a6 3. g3 b5 4. Bg2 Bb7 5. Nh3 e6 6. O-O Nf6 7. d3 Nc6 8. f4 b4 9. Na4 d6 10. Be3 Be7 11. g4 Nd7 12. g5 Qc7 13. c3 a5 14. a3 O-O 15. Nf2 Rfd8 16. Qh5 Nf8 17. Ng4 Ng6 18. f5 exf5 19. exf5 Nge5 20. f6 Nxg4 21.
fxe7 Qxe7 22. Be4 f5 23. g6 hxg6 24. Bd5+ Qf7 25. Bxf7+ Kxf7 26. Qxg4 Ne5 27. Qg3 Nxd3 28. Bg5 Be4 29. Rad1 Ne5 30. Nb6 bxc3 31. bxc3 Rh8 32. Nxa8 Rxa8 33. Bf4 Nc4 34. Bxd6 Rh8 35. Bxc5 Ke6 36.
Qxg6+ Ke5 37. Bd4+ Kd5 38. Bxg7+ Kc5 39. Bxh8 Kb5 40.
Rxf5+ Bxf5 41. Qxf5+ Ka4 42. Qe4 Kb3 43. Rb1+ Kxa3 44.
Qxc4 a4 45. Qb4+ Ka2 46. Qb2# 1-0

[Event "Late-Titled-Tuesday-Blitz-March-12-2024"]
[Site "Chess.com"]
[Date "2024.03.12"]
[Round "5"]
[White "shimastream"]
[Black "Grischuk"]
[Result "1-0"]
[WhiteElo "2981"]
[BlackElo "3061"]
[TimeControl "180+1"]
[EndTime "14:54:19 PDT"]
[Termination "shimastream won on time"]

1. Nf3 d5 2. g3 c6 3. Bg2 Bg4 4. h3 Bh5 5. O-O Nf6 6. d4 e6 7. c4 Be7 8. cxd5 cxd5 9. Qb3 Qb6 10.
Qxb6 axb6 11. Nc3 Nc6 12. e3 Bg6 13. Bd2 O-O 14. Rfc1 Rfc8 15. Bf1 Ne4 16. Be1 h5 17. Nb5 Bf5 18. Kg2 g5 19. Be2 Kg7 20. Ne5 f6 21. Nd7 Rd8 22. Nxb6 Ra6 23. f3 Rxb6 24. fxe4 Bxe4+ 25. Kf2 g4 26. h4 Kg6 27. a4 Nb4 28. a5 Rc6 29. Rxc6 bxc6 30. Nc7 Nd3+ 31. Bxd3 Bxd3 32. a6 Bd6 33. Nxe6 Ra8 34. a7 Kf5 35. Nc5 Bb5 36.
Bb4 Bc7 37. Ra3 Bb6 38. Nd7 Bc7 39. Bc5 1-0

[Event "Late-Titled-Tuesday-Blitz-March-12-2024"]
[Site "Chess.com"]
[Date "2024.03.12"]
[Round "5"]
[White "EsmeraldasAnderson03"]
[Black "scrambleyourbrain"]
[Result "1-0"]
[WhiteElo "2576"]
[BlackElo "2400"]
[TimeControl "180+1"]
[EndTime "14:54:21 PDT"]
[Termination "EsmeraldasAnderson03 won by resignation"]

1. d4 Nf6 2. c4 e6 3. Nc3 Bb4 4. f3 d5 5. a3 Bxc3+ 6. bxc3 c5 7. cxd5 Nxd5 8. dxc5 f5 9. e4 fxe4 10. fxe4 Qh4+ 11.
Kd2 Qxe4 12. Qf3 Qe5 13. Nh3 Rf8 14. Qg3 Qxg3 15. hxg3 Nd7 16. Ng5 Nxc5 17. Bb5+ Bd7 18. Bxd7+ Kxd7 19. Rb1 h6 20. Nf3 b6 21. Re1 Rad8 22.
Kc2 Kc8 23. Be3 Nxe3+ 24. Rxe3 g5 25. Rbe1 Kb7 26. Nd4 Rf2+ 27. R1e2 Rxe2+ 28. Rxe2 Rd6 29. Nb5 Rd5 30. Nd4 Rd6 31. Nb5 Rd7 32. Nd4 Re7 33.
Nf5 Rh7 34. Nd4 Kc8 35. Nxe6 Re7 36. Nd4 Rxe2+ 37. Nxe2 Kd7 38. c4 Ke6 39. Nd4+ Ke5 40. Nb5 a6 41. Nc7 Kf5 42. Nd5 b5 43. Kc3 Ne4+ 44.
Kd4 bxc4 45. Ne3+ Kg6 46. Kxe4 1-0

[Event "Late-Titled-Tuesday-Blitz-March-12-2024"]
[Site "Chess.com"]
[Date "2024.03.12"]
[Round "5"]
[White "Mikhail_Golubev"]
[Black "ShahMatKanal"]
[Result "1-0"]
[WhiteElo "2682"]
[BlackElo "2508"]
[TimeControl "180+1"]
[EndTime "14:54:22 PDT"]
[Termination "Mikhail_Golubev won on time"]

1. e4 c6 2. Nf3 d5 3. Nc3 Bg4 4. h3 Bxf3 5. Qxf3 e6 6. g3 Nf6 7. Bg2 dxe4 8. Nxe4 Nxe4 9. Qxe4 Qd5 10.
O-O Qxe4 11. Bxe4 Nd7 12. d4 Bd6 13. Bg2 O-O-O 14. c4 e5 15. Be3 Kb8 16. Rad1 Bc7 17. d5 cxd5 18. Bxd5 f6 19. b3 Bb6 20. Bxb6 Nxb6 21.
Be4 h6 22. c5 Nc8 23. b4 a6 24. a4 Ne7 25. b5 axb5 26. axb5 f5 27. Bg2 e4 28. f3 exf3 29. Bxf3 g6 30. Rfe1 Nc8 31. b6 g5 32. Kf2 Rxd1 33. Rxd1 Rh7 34. Rd8 Rf7 35.
Bd5 Rf6 36. Re8 g4 37. Be6 Rxe6 38. Rxe6 gxh3 39. Rxh6 Ne7 40. Rh8+ Nc8 41. Rxh3 f4 42. gxf4 Ka8 43. Rh8 Kb8 44. f5 1-0

[Event "Late-Titled-Tuesday-Blitz-March-12-2024"]
[Site "Chess.com"]
[Date "2024.03.12"]
[Round "5"]
[White "Smiechu"]
[Black "Likvidator228"]
[Result "0-1"]
[WhiteElo "2468"]
[BlackElo "2607"]
[TimeControl "180+1"]
[EndTime "14:54:22 PDT"]
[Termination "Likvidator228 won on time"]

1. e4 c5 2. Nf3 g6 3. d4 cxd4 4. Nxd4 Bg7 5. Nc3 Nc6 6. Be3 Nf6 7. Bc4 O-O 8. Bb3 a5 9. O-O a4 10. Nxa4 Nxe4 11. Nb5 d5 12. Nb6 Ra5 13. Bxd5 Rxb5 14.
Bxe4 Rxb2 15. Qxd8 Rxd8 16. Rad1 Re8 17. a4 Be6 18. Rb1 Ra2 19. Rfd1 f5 20. Bd5 Bxd5 21. Nxd5 Rxa4 22. Rxb7 Rc4 23. Rd2 Kf7 24. g3 Nd4 25.
Bxd4 Bxd4 26. c3 Bc5 27. Rc7 Ra8 28. Kg2 Raa4 29. Re2 Bd6 30. Rb7 Re4 31. Rxe4 Rxe4 32. Ne3 Ra4 33. c4 Bc5 34. Rc7 Bb6 35. Rc6 Bxe3 36.
fxe3 Ke8 37. Kf3 Kd7 38. Rc5 e6 39. Kf4 Kd6 40. Rc8 h6 41. h4 e5+ 42. Kf3 Ra3 0-1

[Event "Late-Titled-Tuesday-Blitz-March-12-2024"]
[Site "Chess.com"]
[Date "2024.03.12"]
[Round "5"]
[White "Polish_fighter3000"]
[Black "GOGIEFF"]
[Result "1-0"]
[WhiteElo "3145"]
[BlackElo "3020"]
[TimeControl "180+1"]
[EndTime "14:54:23 PDT"]
[Termination "Polish_fighter3000 won on time"]

1. d4 d5 2. c4 c6 3. Nc3 Nf6 4. Nf3 e6 5. Bg5 h6 6. Bh4 dxc4 7. e4 g5 8. Bg3 b5 9. h4 g4 10. Ne5 Nbd7 11. Nxg4 Nxg4 12. Qxg4 Bb7 13. Be2 Nf6 14. Qf3 Rg8 15. O-O Be7 16. Qe3 h5 17. b3 cxb3 18. axb3 Qb6 19. Rfd1 O-O-O 20. Nxb5 Rxg3 21.
Qxg3 cxb5 22. Rac1+ Kd7 23. d5 exd5 24. exd5 Bd6 25. Qg7 Re8 26. Bxb5+ Qxb5 27. Qxf7+ Re7 28. Qxf6 Qb4 29. Qf5+ Kd8 30. Qxh5 Qe4 31. Qg5 Kd7 32. g3 Ba6 33. Ra1 Qe2 34. Rd2 Qb5 35. Qf5+ Kc7 36. Rc2+ Kb7 37. Qc8+ Kb6 38. Rc6+ 1-0

[Event "Late-Titled-Tuesday-Blitz-March-12-2024"]
[Site "Chess.com"]
[Date "2024.03.12"]
[Round "5"]
[White "Angry_Twin"]
[Black "SantoBlue"]
[Result "1-0"]
[WhiteElo "2976"]
[BlackElo "3048"]
[TimeControl "180+1"]
[EndTime "14:54:24 PDT"]
[Termination "Angry_Twin won on time"]

1. e4 d6 2. d4 Nf6 3. Nc3 e5 4. dxe5 dxe5 5. Qxd8+ Kxd8 6. Bc4 Ke8 7. f4 Bb4 8. Bd3 Nbd7 9. Nf3 exf4 10. Bxf4 c6 11.
O-O-O Bxc3 12. bxc3 Nc5 13. Rhe1 Be6 14. Bd6 Nxd3+ 15.
cxd3 Rd8 16. e5 Nd5 17. c4 Nf4 18. Re4 Ng6 19. Nd4 Kd7 20. Nxe6 Kxe6 21. d4 Ne7 22.
Rf4 b5 23. Rdf1 Rhf8 24. Rg4 Rg8 25. Rgf4 Rgf8 26. cxb5 cxb5 27. Kb2 a5 28. g4 b4 29.
R4f2 Rd7 30. h4 h6 31. h5 Rb7 32. Kb3 Rd7 33. Rf3 f6 34. exf6 Rxd6 35. Re3+ Kd5 36.
fxe7 Re8 37. Rf8 a4+ 38. Kb2 a3+ 39. Kb3 1-0

[Event "Late-Titled-Tuesday-Blitz-March-12-2024"]
[Site "Chess.com"]
[Date "2024.03.12"]
[Round "5"]
[White "SharathRk6"]
[Black "subham777"]
[Result "1-0"]
[WhiteElo "2397"]
[BlackElo "2558"]
[TimeControl "180+1"]
[EndTime "14:54:24 PDT"]
[Termination "SharathRk6 won on time"]

1. e4 e6 2. d4 d5 3. e5 c5 4. c3 Nc6 5. Nf3 Qb6 6. Be2 Bd7 7.
O-O cxd4 8. cxd4 g6 9. Nc3 a6 10. a3 Nge7 11. b4 Nf5 12. Be3 Bg7 13. Rc1 O-O 14. Na4 Qa7 15. Nc5 Nxe3 16. fxe3 Be8 17.
Bd3 Nb8 18. e4 Bc6 19. Kh1 b6 20. exd5 Bxd5 21. Ne4 Qe7 22. Qc2 Nc6 23. Qf2 h6 24.
Qe3 Kh7 25. Nfg5+ hxg5 26. Qh3+ Kg8 27. Nf6+ Bxf6 28. exf6 Qxf6 29. Rxf6 Kg7 30. Rcf1 Nxd4 31. Qe3 Nf5 32. Qe5 Kh6 33. Bxf5 exf5 34. Qxd5 Rad8 35.
Qb3 Kg7 36. Rxb6 Rfe8 37. h3 Re7 38. Qc3+ Kg8 39. Rc6 Ree8 40. Rc1 f4 41. Qc4 Re7 42.
Rxg6+ Kh7 43. Rf6 Rdd7 44. Qxa6 Kg7 45. Rh6 f6 46. Qxf6+ 1-0

[Event "Late-Titled-Tuesday-Blitz-March-12-2024"]
[Site "Chess.com"]
[Date "2024.03.12"]
[Round "5"]
[White "yaguigor"]
[Black "RichardShtivelband"]
[Result "1-0"]
[WhiteElo "2617"]
[BlackElo "2488"]
[TimeControl "180+1"]
[EndTime "14:54:25 PDT"]
[Termination "yaguigor won by resignation"]

1. d4 d5 2. c4 c6 3. Nf3 Nf6 4. Nc3 e6 5. Bg5 dxc4 6. e4 h6 7. Bxf6 Qxf6 8. Bxc4 Nd7 9. e5 Qe7 10. O-O g6 11. Ne4 Bg7 12. Nd6+ Kf8 13. b4 a6 14.
Qd2 Nb6 15. Bb3 Rb8 16. h4 Bd7 17. a4 Nc8 18. Ne4 Na7 19. Rfc1 Rd8 20. Qc3 Bc8 21.
Rd1 Kg8 22. Ng3 Kh7 23. h5 Rhf8 24. Bc2 Bd7 25. Qc5 Qxc5 26. dxc5 Nc8 27. Ne4 Ne7 28. Nd6 Bc8 29. Be4 Kg8 30. Nxc8 Nxc8 31. hxg6 fxg6 32. Bxg6 Ne7 33. Be4 Nd5 34. Bxd5 exd5 35. Rd4 Rde8 36.
Re1 Re6 37. Rg4 Kh7 38. b5 axb5 39. axb5 Rfe8 40. bxc6 Rxc6 41. Rb4 Re7 42. Rc1 Rce6 43. Rcb1 Bxe5 44. Rxb7 Bf6 45. Rxe7+ Rxe7 46. c6 Rc7 47. Rb7 Bd8 48. Rxc7+ Bxc7 49. Nd4 Kg6 50. Nb5 1-0

[Event "Late-Titled-Tuesday-Blitz-March-12-2024"]
[Site "Chess.com"]
[Date "2024.03.12"]
[Round "5"]
[White "ITheOnlyME"]
[Black "DucksParadise"]
[Result "1/2-1/2"]
[WhiteElo "2408"]
[BlackElo "2568"]
[TimeControl "180+1"]
[EndTime "14:54:25 PDT"]
[Termination "Game drawn by stalemate"]

1. d4 d5 2. Bf4 Nf6 3. e3 c5 4.
dxc5 e6 5. b4 a5 6. c3 b6 7.
Bxb8 Rxb8 8. Qa4+ Ke7 9. c6 Qd6 10. b5 Ne4 11. Bd3 f5 12. Bxe4 fxe4 13. Ne2 g6 14.
Na3 Bg7 15. Rd1 Qc5 16. O-O e5 17. Nc2 Bg4 18. Rfe1 Rhf8 19. Qa3 Qxa3 20. Nxa3 Kd6 21. c4 d4 22. exd4 exd4 23. Rd2 Kc5 24. Nxd4 Bxd4 25.
Rxe4 Rbd8 26. Nc2 Bxf2+ 27. Rxf2 Rd1+ 28. Re1 Rxf2 29. Kxf2 Rd2+ 30. Kg3 Rxc2 31. Kxg4 Rxc4+ 32. Kg5 Kxb5 33. Re7 Rxc6 34. Rxh7 Rc2 35. g4 Rxa2 36. Kxg6 Ka4 37. h4 b5 38. h5 b4 39. Rb7 Rh2 40.
h6 b3 41. h7 Ka3 42. Kg7 a4 43. h8=Q Rxh8 44. Kxh8 Ka2 45. g5 b2 46. g6 b1=Q 47. Rxb1 Kxb1 48. g7 a3 49. g8=Q a2 50. Qb3+ Ka1 51.
Qc3+ Kb1 52. Qd3+ Kb2 53. Qd2+ Kb1 54. Qd3+ Kb2 55. Qd4+ Kb1 56. Qb4+ Kc2 57. Qa3 Kb1 58. Qb3+ Ka1 59. Kg7 1/2-1/2

[Event "Late-Titled-Tuesday-Blitz-March-12-2024"]
[Site "Chess.com"]
[Date "2024.03.12"]
[Round "5"]
[White "xasid81"]
[Black "egnfanclub"]
[Result "1-0"]
[WhiteElo "2575"]
[BlackElo "2387"]
[TimeControl "180+1"]
[EndTime "14:54:27 PDT"]
[Termination "xasid81 won on time"]

1. f4 e5 2. d3 Nc6 3. e4 d5 4.
exd5 Qxd5 5. Nc3 Bb4 6. Nf3 e4 7. Qe2 Nf6 8. Bd2 Bxc3 9. Bxc3 Bf5 10. Bxf6 gxf6 11. dxe4 Qxe4 12. Qxe4+ Bxe4 13. O-O-O O-O 14. Bd3 Rfe8 15. Bxe4 Rxe4 16. g3 Re2 17. Rhe1 Rf2 18. Rf1 Re2 19. Rd2 Rae8 20. Rf2 Rxf2 21. Rxf2 Nb4 22.
a3 Nd5 23. Rd2 c6 24. c3 Re3 25. Nd4 Re1+ 26. Rd1 Rxd1+ 27. Kxd1 Ne3+ 28. Kc1 Nf1 29. Nf3 Kf8 30. Kc2 Ne3+ 31. Kd3 Nd5 32. c4 Nc7 33.
Nd4 Ke7 34. Ke4 Ne6 35. Nf5+ Kd7 36. b4 a5 37. c5 axb4 38. axb4 Nc7 39. Nd6 Nd5 40.
Nxb7 Nxb4 41. Kf5 Ke7 42. Nd6 Nd3 43. Ne4 h6 44. h3 h5 45. h4 Nc1 46. Nxf6 Ne2 47.
Nxh5 f6 48. Kg6 Ke6 49. g4 Ke7 50. f5 1-0

[Event "Late-Titled-Tuesday-Blitz-March-12-2024"]
[Site "Chess.com"]
[Date "2024.03.12"]
[Round "5"]
[White "Roedor"]
[Black "ural58"]
[Result "0-1"]
[WhiteElo "2278"]
[BlackElo "2500"]
[TimeControl "180+1"]
[EndTime "14:54:28 PDT"]
[Termination "ural58 won by resignation"]

1. c4 e5 2. g3 c6 3. d4 e4 4. Bg2 d5 5. a3 Nf6 6. Nc3 h6 7. f3 exf3 8. Nxf3 dxc4 9. O-O Be7 10. Kh1 O-O 11. e4 Bg4 12. h3 Bh5 13. g4 Bg6 14.
Nh4 Bh7 15. e5 Nd5 16. Nf5 Nxc3 17. bxc3 Bg5 18. a4 Nd7 19. Rb1 Nb6 20. Nd6 Rb8 21. Rb2 Bxc1 22. Qxc1 Nxa4 23. Rbf2 Bd3 24. Be4 Bxf1 25.
Rxf1 Qg5 26. Qc2 Nb6 27. Bh7+ Kh8 28. Nxf7+ Rxf7 29. Rxf7 Nd5 30. Bf5 Qe3 31. Qa2 Qxh3+ 32. Kg1 Qg3+ 33. Kh1 Ne3 34. e6 Qe1+ 35. Kh2 Nf1+ 36.
Kg1 Nd2+ 37. Kh2 Qf2+ 38. Kh3 Qf3+ 39. Kh2 Qe2+ 40. Kh3 Qf1+ 41. Kh2 Nf3+ 42. Kg3 Ng5 43. Qe2 Qxe2 0-1

[Event "Late-Titled-Tuesday-Blitz-March-12-2024"]
[Site "Chess.com"]
[Date "2024.03.12"]
[Round "5"]
[White "IlyaGrigorjev"]
[Black "manitodeplomo"]
[Result "1-0"]
[WhiteElo "2930"]
[BlackElo "2703"]
[TimeControl "180+1"]
[EndTime "14:54:29 PDT"]
[Termination "IlyaGrigorjev won by resignation"]

1. e4 e6 2. d4 d5 3. Nc3 Bb4 4.
Ne2 Nc6 5. e5 f6 6. exf6 Qxf6 7.
a3 Ba5 8. Be3 Nge7 9. Ng3 e5 10.
Qh5+ g6 11. dxe5 gxh5 12. exf6 d4 13. fxe7 dxe3 14. fxe3 h4 15. Ne4 Kxe7 16. O-O-O Be6 17. Nd5+ Bxd5 18. Rxd5 Rad8 19. Bc4 Rxd5 20. Bxd5 Bb6 21. Re1 Ne5 22. Bxb7 Ng4 23. h3 Nxe3 24. Nc3 Kf6 25. Na4 Re8 26. Nxb6 axb6 27. b3 Re5 28. Kd2 Nf5 29.
Rxe5 Kxe5 30. b4 Nd4 31. a4 c5 32. bxc5 bxc5 33. a5 Nb5 34. c4 Na7 35. Ke3 h6 36.
a6 Kf5 37. Kf3 h5 38. Bd5 Ke5 39. Ke3 Kf5 40. Bf3 Ke5 41. Bxh5 Kf5 42. Bf3 Ke5 43. Bd5 Kf5 44. Kf3 Ke5 45. Kg4 Kd6 46.
Kxh4 Kc7 47. Kg5 Kb6 48. Bb7 1-0

[Event "Late-Titled-Tuesday-Blitz-March-12-2024"]
[Site "Chess.com"]
[Date "2024.03.12"]
[Round "5"]
[White "Statham_01"]
[Black "the_blue_pill"]
[Result "1-0"]
[WhiteElo "2602"]
[BlackElo "2455"]
[TimeControl "180+1"]
[EndTime "14:54:29 PDT"]
[Termination "Statham_01 won on time"]

1. e4 c5 2. Nf3 d6 3. d4 cxd4 4. Nxd4 Nf6 5. Nc3 g6 6. Be3 Bg7 7. f3 O-O 8. Qd2 Nc6 9. O-O-O d5 10. exd5 Nxd5 11. Nxc6 bxc6 12. Bd4 e5 13. Bc5 Re8 14.
Ne4 Qc7 15. h4 f5 16. Nd6 Rd8 17. Nxc8 Raxc8 18. Bc4 h5 19. g4 Kh7 20. Kb1 Nb6 21. Qe2 e4 22. gxf5 Qe5 23. fxg6+ Kh8 24.
Ba3 Nxc4 25. Qxc4 exf3 26. Qc5 Rxd1+ 27. Rxd1 Qxc5 28. Bxc5 Re8 29. c3 Bf6 30. Rf1 Kg7 31.
Rxf3 Kxg6 32. Rg3+ Kf5 33. Rf3+ Kg6 34. Bf2 a6 35. a4 Re4 36. a5 Bxh4 37. Bd4 Re6 38.
Kc2 1-0

[Event "Late-Titled-Tuesday-Blitz-March-12-2024"]
[Site "Chess.com"]
[Date "2024.03.12"]
[Round "5"]
[White "Ready4abattle"]
[Black "Svet_1502"]
[Result "0-1"]
[WhiteElo "2400"]
[BlackElo "2236"]
[TimeControl "180+1"]
[EndTime "14:54:29 PDT"]
[Termination "Svet_1502 won by resignation"]

1. e4 c5 2. Nf3 e6 3. d4 cxd4 4. Nxd4 Nf6 5. Nc3 Nc6 6. Nxc6 bxc6 7. e5 Nd5 8. Ne4 Qc7 9. f4 Qb6 10. c4 Bb4+ 11. Ke2 f5 12. Nf2 Ne7 13. Be3 Bc5 14.
Bxc5 Qxc5 15. Kf3 Qb6 16. Qd2 c5 17. h4 Bb7+ 18. Kg3 O-O 19. Bd3 Rfd8 20. a3 Qc6 21.
Rh2 d5 22. exd6 Rxd6 23. Qe3 Rad8 24. b4 Kf7 25. b5 Qd7 26. Rd1 Be4 27. Bxe4 Rxd1 28.
Bc6 Nxc6 29. bxc6 Qxc6 30. Nxd1 Rxd1 31. h5 Qd6 32. Kh4 Rd4 33. g3 Rxc4 34. Rb2 e5 35. Rb7+ Kf6 36. Kh3 exf4 37. gxf4 Rd4 38. Rb3 c4 39. Rc3 Rd3 40. Rxd3 Qxd3 0-1

[Event "Late-Titled-Tuesday-Blitz-March-12-2024"]
[Site "Chess.com"]
[Date "2024.03.12"]
[Round "5"]
[White "Anton_Demchenko"]
[Black "Jagerrmeisterr"]
[Result "1-0"]
[WhiteElo "2945"]
[BlackElo "2718"]
[TimeControl "180+1"]
[EndTime "14:54:31 PDT"]
[Termination "Anton_Demchenko won on time"]

1. e4 c6 2. d3 d5 3. Nf3 Bg4 4. h3 Bxf3 5. Qxf3 e6 6. g3 Nd7 7.
Bg2 g6 8. Qe2 Bg7 9. O-O Ne7 10.
f4 O-O 11. Kh1 Qc7 12. Nd2 Rae8 13. Nf3 c5 14. c3 b5 15. Bd2 Nc6 16. e5 f5 17. d4 Qb6 18. Be3 c4 19. g4 Ne7 20.
Rg1 b4 21. Qd2 a5 22. Bf2 Nb8 23. Bh4 Nbc6 24. a4 Kh8 25. Raf1 Ng8 26. Ng5 Nh6 27.
Bf3 Qa7 28. Rf2 Qd7 29. Rfg2 bxc3 30. bxc3 Rb8 31. Bd1 Ne7 32. Nf3 Rb1 33. Bf6 Rfb8 34. Qf2 Neg8 35. g5 Nf7 36. h4 R8b2 37. Qd2 Rxd2 38. Rxd2 Bxf6 39. exf6 Qd6 40. Ne5 Nxe5 41. fxe5 Qc7 42. h5 gxh5 43. Bxh5 Rxg1+ 44. Kxg1 Ne7 45. Rh2 Kg8 46. Be8 Ng6 47. Rh6 Kf8 48. Bxg6 hxg6 49. Rh8+ 1-0

[Event "Late-Titled-Tuesday-Blitz-March-12-2024"]
[Site "Chess.com"]
[Date "2024.03.12"]
[Round "5"]
[White "Lion-Al-Messi"]
[Black "Kopytkin"]
[Result "1-0"]
[WhiteElo "2590"]
[BlackElo "2440"]
[TimeControl "180+1"]
[EndTime "14:54:31 PDT"]
[Termination "Lion-Al-Messi won on time"]

1. e4 Nf6 2. e5 Nd5 3. d4 d6 4.
Nf3 g6 5. c4 Nb6 6. exd6 cxd6 7. Nc3 Bg7 8. Be2 Bg4 9. h3 Bxf3 10. Bxf3 Nc6 11. d5 Ne5 12. Be2 O-O 13. Qb3 Qc8 14.
O-O Nexc4 15. Bg5 Re8 16. Rac1 Qf5 17. h4 Ne5 18. Nb5 h6 19. Be3 Ng4 20. Bxg4 Qxg4 21. Nc7 Qxh4 22. Nxe8 Rxe8 23. Bxb6 axb6 24. g3 Qh3 25.
Qxb6 Be5 26. Qe3 h5 27. Qf3 Kg7 28. Qg2 Qg4 29. Rc7 Bf6 30. Rxb7 Rh8 31. a3 h4 32. Rb4 Bd4 33. Rb3 h3 34. Qf3 h2+ 35. Kh1 Qh3 36. Qg2 Qf5 37. Re1 Rc8 38. Rf3 Qxd5 39. Rd3 Qc5 40.
Rd2 Bf6 41. Rde2 1-0

[Event "Late-Titled-Tuesday-Blitz-March-12-2024"]
[Site "Chess.com"]
[Date "2024.03.12"]
[Round "5"]
[White "Koalaskakistis"]
[Black "GaiozNigalidze"]
[Result "0-1"]
[WhiteElo "2535"]
[BlackElo "2712"]
[TimeControl "180+1"]
[EndTime "14:54:32 PDT"]
[Termination "GaiozNigalidze won on time"]

1. e4 c5 2. Nf3 d6 3. d4 cxd4 4. Nxd4 Nf6 5. Nc3 a6 6. f4 Nbd7 7. Bc4 e6 8. O-O b5 9. Bb3 Bb7 10. Qe2 Qc7 11. f5 e5 12. Nf3 Be7 13. Bg5 Rc8 14.
Rad1 b4 15. Bxf6 Nxf6 16. Nd5 Bxd5 17. Bxd5 Nxd5 18. Rxd5 Qxc2 19. Qxa6 O-O 20. Rd2 Qxe4 21. Re2 Qc4 22. Qxc4 Rxc4 23. Rd1 Ra8 24. b3 Rc5 25. g4 g6 26. Kf2 Kg7 27. Nd2 Rxa2 28. Ne4 Rcc2 29.
Rxc2 Rxc2+ 30. Ke3 Rxh2 31. Rf1 Rh3+ 32. Ke2 gxf5 33. gxf5 f6 34. Rc1 d5 35. Nf2 Rxb3 36. Rc7 Kf7 37. Ng4 Rc3 38. Rb7 Rc2+ 39. Kd3 Rc3+ 40.
Kd2 Rh3 41. Ke2 Rh4 42. Kf3 b3 43. Rxb3 Rh3+ 0-1

[Event "Late-Titled-Tuesday-Blitz-March-12-2024"]
[Site "Chess.com"]
[Date "2024.03.12"]
[Round "5"]
[White "Vadim_Galchenko"]
[Black "Szparu"]
[Result "1-0"]
[WhiteElo "2604"]
[BlackElo "2797"]
[TimeControl "180+1"]
[EndTime "14:54:33 PDT"]
[Termination "Vadim_Galchenko won on time"]

1. e4 c5 2. a3 d6 3. b4 Nf6 4. Nc3 Nc6 5. Rb1 g6 6. g3 Bg7 7. Bg2 O-O 8. Nge2 Qc7 9. O-O Rb8 10.
d3 b6 11. h3 Bb7 12. Be3 e6 13. Qd2 Qd7 14. Kh2 d5 15. Bh6 dxe4 16. Bxg7 Kxg7 17.
Nxe4 Nxe4 18. Bxe4 cxb4 19. axb4 Nd4 20. Qc3 e5 21. Bxb7 Rxb7 22. Nxd4 exd4 23. Qb3 Rc7 24.
Rfe1 Rfc8 25. Re2 Rc3 26. Qa2 R8c7 27. Rbe1 Qd6 28. b5 Qc5 29. Kg1 h5 30. Re5 Qd6 31.
R5e2 h4 32. g4 Qb4 33. Kf1 Qa3 34. Qd5 Qc5 35. Qa2 Rxc2 36. Rxc2 Qxc2 37. Qd5 Qxd3+ 38. Kg1 Rc5 39. Qd7 Qxh3 40. Qxd4+ Kh7 41. Qf4 Qb3 42. Re7 Kg7 43. Qd4+ Kh7 44. Qf4 Kg7 45. Qd4+ Kh7 46. Re8 Rc1+ 47. Kh2 Rh1+ 48. Kxh1 Qb1+ 49. Kh2 1-0

[Event "Late-Titled-Tuesday-Blitz-March-12-2024"]
[Site "Chess.com"]
[Date "2024.03.12"]
[Round "5"]
[White "Willhaven3"]
[Black "Nick12772"]
[Result "1/2-1/2"]
[WhiteElo "2621"]
[BlackElo "2363"]
[TimeControl "180+1"]
[EndTime "14:54:34 PDT"]
[Termination "Game drawn by repetition"]

1. e4 e6 2. b3 d5 3. Bb2 Nf6 4. Nc3 Bb4 5. Qe2 c6 6. Nf3 a5 7. O-O-O b5 8. exd5 cxd5 9. Qxb5+ Nbd7 10. Qe2 Ba6 11. Qe1 Bxf1 12. Rxf1 O-O 13. a4 Rc8 14. Ne5 Qc7 15. Nxd7 Nxd7 16. Qe3 Bc5 17. Qd3 Ne5 18. Qg3 Bd6 19. d4 Ng6 20. Qd3 Nf4 21. Qf3 Bb4 22. g3 Bxc3 23. Bxc3 Qxc3 24. Qxc3 Ne2+ 25. Kb2 Nxc3 26.
Rd3 Ne2 27. Re1 Nxd4 28. Rxd4 Rc5 29. Re2 Rfc8 30. f4 g6 31. Rdd2 h5 32. h3 Kg7 33.
Rg2 Kf6 34. g4 h4 35. Rgf2 Kg7 36. Rf3 Rd8 37. c3 Rdc8 38. Rdd3 Kf6 39. Rfe3 Kg7 40.
Rf3 Kf6 41. f5 g5 42. fxe6+ Kxe6 43. Rf5 f6 44. Rff3 Kf7 45. Rfe3 R8c7 46. Rd4 R7c6 47.
Red3 Ke6 48. Re3+ Kf7 49. Red3 Ke6 50. Re3+ Kf7 1/2-1/2

[Event "Late-Titled-Tuesday-Blitz-March-12-2024"]
[Site "Chess.com"]
[Date "2024.03.12"]
[Round "5"]
[White "RianKapriaga"]
[Black "MaiqMaster"]
[Result "0-1"]
[WhiteElo "2289"]
[BlackElo "2413"]
[TimeControl "180+1"]
[EndTime "14:54:35 PDT"]
[Termination "MaiqMaster won on time"]

1. d4 d5 2. Nf3 Nf6 3. Bf4 c5 4. e3 Nc6 5. Nbd2 g6 6. c3 Bg7 7. Bd3 Nd7 8. Bb5 O-O 9. Bxc6 bxc6 10. O-O f6 11. Qa4 Qb6 12. b4 cxb4 13. cxb4 e5 14. Bg3 Ba6 15. Rfc1 Bb5 16. Qb3 a5 17. bxa5 Qxa5 18. Rc2 Ba4 19. Qc3 Bxc2 20. Qxc2 Qa4 21. Nb3 Qc4 22. Qd2 Nb6 23. h3 Qb5 24. dxe5 Nc4 25.
Qc3 fxe5 26. Nxe5 Rae8 27. f4 Nxe5 28. fxe5 Qc4 29. Qd4 Rf5 30. Rc1 Qa6 31. Nc5 Qa3 32. Nd3 Bxe5 33. Bxe5 Rfxe5 34. Rxc6 Rf5 35. Rc3 Qe7 36. Nf4 Qe5 37. Qc5 d4 38. Qc4+ Kh8 39.
Nxg6+ hxg6 40. exd4 Qe1+ 41. Kh2 Qe4 42. Rg3 Qf4 0-1